 Dungeon Crawl Stone Soup version 0.30.0-19-g36f170ea60 (webtiles) character file.

Game seed: 2792548334227366485

2339 booth the Cleaver (level 9, -1/63 (71) HPs)
             Began as a Gnoll Reaver on May 28, 2023.
             Splashed by a jelly's acid (8 damage)
             ... on level 7 of the Dungeon.
             The game lasted 00:46:49 (7064 turns).

booth the Cleaver (Gnoll Reaver)                    Turns: 7064, Time: 00:46:49

HP:   -1/63 (71)    AC: -2    Str: 15    XL:     9   Next: 43%
MP:   19/19         EV: 15    Int:  9    God:
Gold: 290           SH:  0    Dex: 17    Spells: 9/21 levels left

rFire   . . .        t - +2 hand axe (venom)
rCold   . . .        (no shield)
rNeg    . . .        b - +2 leather armour
rPois   +            m - +0 helmet "Wiedgherr" {+Blink rPois Int-4}
rElec   .            o - +2 cloak
rCorr   .            (no gloves)
SInv    .            (no boots)
Will    .....        (no amulet)
Stlth   +++          i - +6 ring of dexterity
HPRegen 0.30/turn    y - +4 ring of protection
MPRegen 0.16/turn

%: no passive effects
@: corroded, heavily drained
A: fangs 1, strong nose, distributed training
a: Evoke Blink


You were on level 7 of the Dungeon.
You visited 2 branches of the dungeon, and saw 8 of its levels.

You collected 316 gold pieces.
You spent 26 gold pieces at shops.

Inventory:

Hand Weapons
 t - a +2 hand axe of venom (weapon)
Missiles
 j - 3 poisoned darts (quivered)
 r - 4 silver boomerangs
 x - 9 boomerangs
Armour
 b - a +2 leather armour (worn)
 m - the +0 helmet "Wiedgherr" (worn) {+Blink rPois Int-4}
   (You took it off Robin on level 3 of the Dungeon)

   Int:       It affects your intelligence (-4).
   rPois:     It protects you from poison.
   +Blink:    It lets you blink.
 o - a +2 cloak (worn)
Jewellery
 i - a +6 ring of dexterity (left hand)
 y - a +4 ring of protection (right hand)
 A - a +6 ring of intelligence
 C - a ring of wizardry
Wands
 n - a wand of iceblast (7)
 w - a wand of polymorph (3)
Scrolls
 a - a scroll of amnesia {unknown}
 c - a scroll of poison
 d - 4 scrolls of fog
 f - 4 scrolls of teleportation
 g - 5 scrolls of blinking
 h - a scroll of immolation {unknown}
 k - 2 scrolls of butterflies {unknown}
 p - a scroll of magic mapping {unknown}
 s - a scroll of torment {unknown}
 z - a scroll of enchant armour
Potions
 e - a potion of curing
 q - 2 potions of brilliance {unknown}
 u - a potion of might {unknown}
 v - a potion of invisibility {unknown}
 B - 2 potions of attraction {unknown}


   Skills:
 + Level 6.4 Fighting
 + Level 4.4 Short Blades
 + Level 4.4 Long Blades
 + Level 8.0 Axes
 + Level 4.4 Maces & Flails
 + Level 4.4 Polearms
 + Level 4.4 Staves
 + Level 4.4 Ranged Weapons
 + Level 4.4 Throwing
 + Level 4.4 Armour
 + Level 6.4 Dodging
 + Level 4.4 Stealth
 + Level 4.4 Shields
 + Level 4.4 Unarmed Combat
 + Level 6.7 Spellcasting
 + Level 6.6 Conjurations
 + Level 3.6 Hexes
 + Level 3.6 Summonings
 + Level 3.6 Necromancy
 + Level 3.6 Translocations
 + Level 3.6 Transmutations
 + Level 3.6 Fire Magic
 + Level 3.6 Ice Magic
 + Level 3.6 Air Magic
 + Level 3.6 Earth Magic
 + Level 3.6 Poison Magic
 + Level 4.8 Invocations
 + Level 4.4 Evocations


You had 9 spell levels left.
You knew the following spells:

 Your Spells              Type           Power      Damage    Failure   Level
a - Kiss of Death         Conj/Necr      48%        2d9       3%          1
b - Momentum Strike       Conj/Tloc      24%        3d8       4%          2
c - Hailstorm             Conj/Ice       12%        3d5       9%          3
d - Cigotuvi's Dreadful   Necr/Pois/Air  18%        N/A       9%          2
e - Ensorcelled Hibernat  Hex/Ice        18%        N/A       9%          2
f - Passwall              Tmut/Erth      7%         N/A       9%          2

Your spell library contained the following spells:

 Spells                   Type           Power      Damage    Failure   Level
 Freeze                   Ice            36%        1d5       6%          1
 Sublimation of Blood     Necr           9%         N/A       9%          2
 Frozen Ramparts          Ice            18%        1d3       17%         3
 Swiftness                Air            9%         N/A       17%         3
 Dispel Undead            Necr           9%         3d8       50%         4
 Ice Form                 Ice/Tmut       9%         N/A       50%         4
 Petrify                  Tmut/Erth      9%         N/A       50%         4
 Irradiate                Conj/Tmut      6%         3d13      63%         5
 Death Channel            Necr           4%         N/A       100%        6
 Simulacrum               Ice/Necr       4%         N/A       100%        6


Dungeon Overview and Level Annotations

Branches:
Dungeon (7/15)             Temple (1/1) D:5

Altars:
Ashenzari
Cheibriados
Dithmenos
Elyvilon
Fedhas
Gozag
Hepliaklqana
Kikubaaqudgha
Makhleb
Nemelex Xobeh
Okawaru
Qazlal
Ru
Sif Muna
Trog
Uskayaw
Vehumet
Wu Jian
Xom
Yredelemnul
Zin
The Shining One

Shops:
D:1 ?


Innate Abilities, Weirdness & Mutations

You have very sharp teeth.
Your uncanny sense of smell can sniff out nearby items.
Your experience applies equally to all skills.


Message History

The jelly hits you.
You are splashed with acid!
* * * LOW HITPOINT WARNING * * *
You hit the jelly.
Your hands burn!
* * * LOW HITPOINT WARNING * * *
The jelly is severely wounded.
You hit the jelly but do no damage.
Your hands burn!
* * * LOW HITPOINT WARNING * * *
You bite the jelly, but do no damage.
The jelly is severely wounded.
The jelly closely misses you.
You feel much better. The jelly barely misses you.
You hit the jelly but do no damage. The acid corrodes you!
Your hands burn!
The jelly is almost dead.
The jelly completely misses you.
You hit the jelly but do no damage.
Your hands burn!
You bite the jelly, but do no damage.
The jelly is almost dead.
The jelly barely misses you.
You hit the jelly but do no damage.
Your hands burn!
The jelly is almost dead.
The jelly hits you.
You are splashed with acid!
You hit the jelly.
You kill the jelly!
You hit the endoplasm.
You kill the endoplasm!
You hit the jelly but do no damage.
The jelly is poisoned.
Your hands burn!
* * * LOW HITPOINT WARNING * * *
The jelly hits you.
* * * LOW HITPOINT WARNING * * *
You are splashed with acid!
* * * LOW HITPOINT WARNING * * *
You feel better. The jelly barely misses you.
You hit the jelly but do no damage.
The jelly looks as sick as possible!
Your hands burn!
* * * LOW HITPOINT WARNING * * *
The jelly is lightly wounded.
The jelly hits you.
* * * LOW HITPOINT WARNING * * *
You are splashed with acid!
You die...

####...#
###.# #.#
#.# #.##
#..## ###
##..#
##...##
##.##J......
#.@JJJ.....
####J......
##...## ###


You could see a jelly (extremely poisoned) and 4 endoplasms.

Vanquished Creatures
  Grinder (D:4)
  A slime creature (D:7)
  A steam dragon (D:7)
  A water moccasin (D:7)
  4 black bears
  2 sky beasts
  2 ogres
  A centaur (D:7)
  2 bullfrogs (D:6)
  A gnoll sergeant (D:7)
  4 killer bees (D:7)
  An orc priest (D:6)
  A hound (D:5)
  4 jellies
  Crazy Yiuf (D:3)
  Jessica (D:3)
  An iguana (D:5)
  Ijyb (D:4)
  A sleepcap (D:6)
  An orc wizard (D:4)
  Robin (D:3)
  4 gnolls (D:7)
  5 adders
  2 white imps
  An ufetubus (D:4)
  3 worms
  5 dart slugs
  20 orcs
  3 ball pythons
  19 endoplasms
  4 giant cockroaches
  9 goblins
  8 hobgoblins
  7 jackals
  2 quokkas
  5 bats
  3 frilled lizards
  3 kobolds
  6 rats
142 creatures vanquished.

Notes
Turn   | Place    | Note
-------+----------+-------------------------------------------
     0 | D:1      | booth the Gnoll Reaver began the quest for the Orb.
     0 | D:1      | Reached XP level 1. HP: 20/20 MP: 6/6
   258 | D:1      | Reached XP level 2. HP: 25/26 MP: 7/7
   261 | D:1      | Learned a level 2 spell: Momentum Strike
   368 | D:1      | You fall into a shaft and drop 1 floor!
   679 | D:1      | Found Xesep's Magic Scroll Boutique.
   682 | D:1      | Bought a scroll of identify for 26 gold pieces
   848 | D:2      | Reached skill level 5 in Spellcasting
   848 | D:2      | Reached XP level 3. HP: 31/31 MP: 7/9
   852 | D:2      | Learned a level 3 spell: Hailstorm
   996 | D:2      | Reached skill level 1 in Invocations
  1727 | D:3      | Noticed Jessica
  1746 | D:3      | Reached skill level 1 in Short Blades
  1746 | D:3      | Reached skill level 1 in Long Blades
  1746 | D:3      | Reached skill level 1 in Maces & Flails
  1746 | D:3      | Reached skill level 1 in Polearms
  1746 | D:3      | Reached skill level 1 in Staves
  1746 | D:3      | Reached skill level 1 in Ranged Weapons
  1746 | D:3      | Reached skill level 1 in Throwing
  1746 | D:3      | Reached skill level 1 in Armour
  1746 | D:3      | Reached skill level 1 in Stealth
  1746 | D:3      | Reached skill level 1 in Shields
  1746 | D:3      | Reached skill level 1 in Unarmed Combat
  1746 | D:3      | Reached skill level 1 in Evocations
  1871 | D:3      | Reached XP level 4. HP: 38/38 MP: 11/11
  1953 | D:3      | Identified the +0 helmet "Wiedgherr" {+Blink rPois Int-4}
  1953 | D:3      | Noticed Robin
  1978 | D:3      | Killed Robin
  1983 | D:3      | Reached skill level 1 in Hexes
  1983 | D:3      | Reached skill level 1 in Summonings
  1983 | D:3      | Reached skill level 1 in Necromancy
  1983 | D:3      | Reached skill level 1 in Translocations
  1983 | D:3      | Reached skill level 1 in Transmutations
  1983 | D:3      | Reached skill level 1 in Fire Magic
  1983 | D:3      | Reached skill level 1 in Ice Magic
  1983 | D:3      | Reached skill level 1 in Air Magic
  1983 | D:3      | Reached skill level 1 in Earth Magic
  1983 | D:3      | Reached skill level 1 in Poison Magic
  2023 | D:3      | Found a runed translucent door.
  2024 | D:3      | Noticed Crazy Yiuf
  2403 | D:3      | Killed Jessica
  2404 | D:3      | Reached XP level 5. HP: 39/43 MP: 12/12
  2688 | D:3      | Killed Crazy Yiuf
  2864 | D:4      | Noticed a black bear
  3056 | D:4      | Noticed an ogre
  3072 | D:4      | Killed an ogre
  3073 | D:4      | Reached XP level 6. HP: 33/50 MP: 10/14
  3164 | D:4      | Reached skill level 5 in Fighting
  3164 | D:4      | Reached skill level 5 in Dodging
  3167 | D:4      | Noticed Ijyb
  3205 | D:4      | Noticed a black bear
  3221 | D:5      | Entered Level 5 of the Dungeon
  3256 | D:5      | Killed a black bear
  3318 | D:5      | Killed a black bear
  3319 | D:5      | Reached skill level 7 in Axes
  3319 | D:5      | Reached XP level 7. HP: 35/53 MP: 15/15
  3431 | D:4      | Noticed Grinder
  3463 | D:4      | Killed Grinder
  3655 | D:4      | Found a sacrificial altar of Ru.
  3659 | D:4      | Found a glowing silver altar of Zin.
  3662 | D:4      | Found a hazy altar of Hepliaklqana.
  3665 | D:4      | Found a shimmering altar of Xom.
  4317 | D:4      | Killed Ijyb
  4949 | D:5      | Found a staircase to the Ecumenical Temple.
  4965 | Temple   | Entered the Ecumenical Temple
  5398 | D:6      | Reached XP level 8. HP: 51/63 MP: 16/16
  5659 | D:6      | Learned a level 2 spell: Cigotuvi's Dreadful Rot
  6630 | D:7      | Reached XP level 9. HP: 50/69 MP: 18/18
  6633 | D:7      | Learned a level 2 spell: Ensorcelled Hibernation
  6636 | D:7      | Learned a level 2 spell: Passwall
  7049 | D:7      | Reached skill level 8 in Axes
  7064 | D:7      | Splashed by a jelly's acid

Illustrated notes

Levels and vault maps discovered:
D:1:      lemuel_arrival_funnel, layout_loops_cross, serial_shops,
          nicolae_shop_real_fake_doors
D:2:      layout_basic
D:3:      layout_loops_ring, uniq_crazy_yiuf_cottage, uniq_jessica, uniq_robin
D:4:      layout_basic, grunt_temple_overflow_cloverleaf, serial_bayou,
          serial_bayou_lagoon_b, serial_bayou_lake_a, serial_bayou_pond_c,
          serial_bayou_ford_a, serial_bayou_crossing, nicolae_underground_beach,
          uniq_grinder, uniq_ijyb
D:5:      layout_loops_ring, minmay_temple_entry_mist, moated_statue
D:6:      layout_loops_ring
D:7:      lemuel_slime, layout_basic
Temple:   dpeg_five_rooms_temple

Skill      XL: |  1  2  3  4  5  6  7  8  9 |
---------------+----------------------------+-----
Spellcasting   | 5 6 |  6.7
Invocations    | 1 2 3 4 |  4.8
Short Blades   | 1 2 3 4 |  4.4
Long Blades    | 1 2 3 4 |  4.4
Maces & Flails | 1 2 3 4 |  4.4
Polearms       | 1 2 3 4 |  4.4
Staves         | 1 2 3 4 |  4.4
Ranged Weapons | 1 2 3 4 |  4.4
Throwing       | 1 2 3 4 |  4.4
Armour         | 1 2 3 4 |  4.4
Stealth        | 1 2 3 4 |  4.4
Shields        | 1 2 3 4 |  4.4
Unarmed Combat | 1 2 3 4 |  4.4
Evocations     | 1 2 3 4 |  4.4
Hexes          | 1 2 3 |  3.6
Summonings     | 1 2 3 |  3.6
Necromancy     | 1 2 3 |  3.6
Translocations | 1 2 3 |  3.6
Transmutations | 1 2 3 |  3.6
Fire Magic     | 1 2 3 |  3.6
Ice Magic      | 1 2 3 |  3.6
Air Magic      | 1 2 3 |  3.6
Earth Magic    | 1 2 3 |  3.6
Poison Magic   | 1 2 3 |  3.6
Fighting       | 5 6 |  6.4
Dodging        | 5 6 |  6.4
Axes           | 7 8 |  8.0
Conjurations   | 6 |  6.6

Action                     |  1- 3 |  4- 6 |  7- 9 || total
---------------------------+-------+-------+-------++-------
  Melee: Hand axe          |   136 |   144 |   297 ||   577
         Bite              |    12 |    11 |    39 ||    62
         Punch             |     2 |     4 |    11 ||    17
         Unarmed           |       |       |     5 ||     5
  Throw: Dart              |       |     4 |     3 ||     7
   Cast: Kiss of Death     |       |     4 |     1 ||     5
         Momentum Strike   |       |     1 |     1 ||     2
    Use: Scroll            |     4 |       |     4 ||     8
         Potion            |     1 |       |     4 ||     5
   Stab: Sleeping          |       |       |     7 ||     7
 Armour: Leather armour    |    31 |    66 |    89 ||   186
  Dodge: Dodged            |    85 |   130 |   194 ||   409
